 Dungeon Crawl Stone Soup version 0.21-a0-522-ga8338f0 (webtiles) character file.

478 aronpayne the Cudgeler (level 6, -9/57 HPs)
             Began as a Minotaur Fighter on Dec 7, 2017.
             Mangled by Duvessa
             ... wielding a +4 short sword
              (14 damage)
             ... on level 4 of the Dungeon.
             The game lasted 00:11:59 (2788 turns).

aronpayne the Cudgeler (Minotaur Fighter)           Turns: 2788, Time: 00:12:00

Health: -9/57      AC:  5    Str: 22    XL:     6   Next: 86%
Magic:  5/5        EV:  8    Int:  6    God:
Gold:   182        SH:  9    Dex:  9    Spells: 5/5 levels left

rFire    + . .     SeeInvis +   j - +1 whip (pain)
rCold    . . .     Gourm    .   c - +0 shield
rNeg     . . .     Faith    .   r - +2 leather armour {rF+}
rPois    .         Spirit   .   (helmet restricted)
rElec    .         Reflect  .   (no cloak)
rCorr    .         Harm     +   (no gloves)
MR       .....                  (no boots)
Stlth    +.........             e - amulet of harm
HPRegen  0.19/turn              t - ring of see invisible
MPRegen  0.09/turn              (no ring)

@: invisible
A: retaliatory headbutt, horns 2
a: no special abilities


You were on level 4 of the Dungeon.
You were not hungry.

You visited 1 branch of the dungeon, and saw 4 of its levels.

You collected 182 gold pieces.

Inventory:

Hand Weapons
 j - a +1 whip of pain (weapon)
Armour
 c - a +0 shield (worn)
 r - a +2 leather armour of fire resistance (worn)
Jewellery
 e - an amulet of harm (around neck)
 t - a ring of see invisible (left hand)
Wands
 b - a wand of paralysis (5)
Scrolls
 d - 3 scrolls of enchant armour {unknown}
 g - 2 scrolls of fear {unknown}
 i - 2 scrolls of remove curse {unknown}
 k - 2 scrolls of amnesia {unknown}
 l - 4 scrolls of identify {unknown}
 m - a scroll of immolation {unknown}
 p - a scroll of teleportation {unknown}
 s - a scroll of enchant weapon {unknown}
 v - a scroll of fog {unknown}
Potions
 u - a potion of curing {unknown}
Books
 n - a book of Maledictions

   Spells                             Type                      Level
   a - Corona                         Hexes                        1
   b - Ensorcelled Hibernation        Hexes/Ice                    2
   c - Confuse                        Hexes                        3
   d - Tukima's Dance                 Hexes                        3
   e - Dazzling Spray                 Conjuration/Hexes            3
Comestibles
 a - a chunk of flesh
 f - 3 bread rations
 h - 4 royal jellies
 o - 3 fruits


   Skills:
 + Level 6.1 Fighting
 * Level 7.4 Maces & Flails
 - Level 3.7 Armour
 - Level 3.8 Shields


You had 5 spell levels left.
You didn't know any spells.

Dungeon Overview and Level Annotations

Branches:
Dungeon (4/15)
 Temple: D:4-7

Altars:
Cheibriados
Dithmenos
Hepliaklqana
Nemelex Xobeh
Uskayaw
Zin

Annotations:
D:4 Duvessa


Innate Abilities, Weirdness & Mutations

You reflexively headbutt those who attack you in melee.
You have a pair of horns on your head.


Message History

Press: ? - help, Shift-Dir - straight line, f/p - Duvessa
Aim: Duvessa, wielding an enchanted short sword and wearing a leather armour (lightly wounded, berserk, fast, unusually strong, chance to defeat MR: 28%) Duvessa easily resists.
Duvessa closely misses you.
You closely miss Duvessa.
Duvessa is lightly wounded.
You block Duvessa's attack.
Duvessa hits you with an enchanted short sword.
You hit Duvessa. You headbutt Duvessa, but do no damage.
Duvessa is lightly wounded.
You block Duvessa's attack.
Your leather armour prevents you from hitting Duvessa.
Duvessa is lightly wounded.
Duvessa hits you with an enchanted short sword!
* * * LOW HITPOINT WARNING * * *
Duvessa hits you with an enchanted short sword!
* * * LOW HITPOINT WARNING * * *
It was a potion of invisibility.
You fade into invisibility!
Duvessa hits you with an enchanted short sword!
You die...

.#.#.####.#
#.#.#..##.#
#.#.#.#.##+## ##
#.#.#.#......## #.#
#.#.#.#.##.....#
##.#.#.#.#.#........
#.#)#.#.#.#.#.......
##.#e#.#.#.#........
#.#@#.#.#.#.#.......
##.#.#.#.#.#........
#...#.#######.....#
#.......# ##...##
#...###.# ##'##
##### #.#### #.#
##.##.####.###
#.............
#.[.###.....##


You could see Duvessa (berserk).

Vanquished Creatures
  Grinder (D:3)
  The ghost of Daviar the Skirmisher, an amateur BaFi (D:3)
  Dowan (D:4)
  A hound (D:4)
  2 adders
  A worm (D:2)
  A dart slug (D:2)
  A leopard gecko (D:4)
  2 giant cockroaches (D:1)
  7 hobgoblins
  2 quokkas
  2 ball pythons (D:2)
  7 bats
  6 goblins
  5 kobolds
  9 rats
49 creatures vanquished.

Notes
Turn   | Place    | Note
-------+----------+-------------------------------------------
     0 | D:1      | aronpayne the Minotaur Fighter began the quest for the Orb.
     0 | D:1      | Reached XP level 1. HP: 19/19 MP: 0/0
   105 | D:1      | Reached XP level 2. HP: 27/27 MP: 1/1
   112 | D:1      | Reached skill level 3 in Maces & Flails
   755 | D:2      | Reached XP level 3. HP: 33/33 MP: 2/2
   776 | D:2      | Found a shadowy altar of Dithmenos.
  1029 | D:2      | Found a sparkling altar of Nemelex Xobeh.
  1203 | D:3      | Noticed Grinder
  1243 | D:3      | Paralysed by Grinder for 4 turns
  1248 | D:3      | Killed Grinder
  1248 | D:3      | Reached skill level 5 in Fighting
  1248 | D:3      | Reached skill level 6 in Maces & Flails
  1248 | D:3      | Reached XP level 4. HP: 26/42 MP: 3/3
  1248 | D:3      | Reached XP level 5. HP: 30/48 MP: 4/4
  1375 | D:3      | Found a hide-covered altar of Uskayaw.
  1389 | D:3      | Found a glowing silver altar of Zin.
  1389 | D:3      | Found a hazy altar of Hepliaklqana.
  1408 | D:3      | Found a snail-covered altar of Cheibriados.
  1867 | D:3      | Noticed Daviar's ghost (amateur BaFi)
  1886 | D:3      | Killed Daviar's ghost
  1886 | D:3      | Reached XP level 6. HP: 21/57 MP: 5/5
  2382 | D:4      | Reached skill level 7 in Maces & Flails
  2774 | D:4      | Noticed Duvessa
  2774 | D:4      | Noticed Dowan
  2780 | D:4      | Killed Dowan
  2788 | D:4      | Mangled by Duvessa

Vault maps used:
D:1:      dpeg_arrival_shelter
D:2:      nemelex_altar_shiori, marbit_many_paths
D:3:      minitemple, uniq_grinder
D:4:      first_bread, minivault_23, dk_rats_in_the_wall, uniq_pikel,
          uniq_duvessa

Skill      XL: |  1  2  3  4  5  6 |
---------------+-------------------+-----
Maces & Flails | 3 6 7 |  7.4
Fighting       | 4 5 6 |  6.1
Armour         | |  3.7
Shields        | |  3.8

Action                   |  1- 3 |  4- 6 || total
-------------------------+-------+-------++-------
Melee: Flail             |    24 |       ||    24
       Headbutt          |    13 |    15 ||    28
       Whip              |    38 |    84 ||   122
Evoke: Wand              |       |     3 ||     3
  Use: Potion            |     1 |     1 ||     2
 Stab: Paralysed         |       |     2 ||     2
  Eat: Bread ration      |       |     1 ||     1
       Chunk             |       |     1 ||     1
Armor: Scale mail        |    27 |     4 ||    31
       Leather armour    |       |     7 ||     7
Dodge: Dodged            |    23 |    17 ||    40
Block: Shield            |    24 |    32 ||    56

Table legend:
 A = Spawn XP
 B = Non-spawn XP
 C = Spawn XP percentage of total XP
 D = Spawn monster count
 E = Non-spawn monster count
 F = Spawn count percentage of total count
 G = Total turns spent on level
                    A         B        C        D         E        F      G
               +---------+---------+-------+---------+---------+-------+---------
         Total |       0 |     684 |   0.0 |       0 |      49 |   0.0 |  2788
               +---------+---------+-------+---------+---------+-------+---------
           D:1 |       0 |      24 |   0.0 |       0 |      17 |   0.0 |   497
           D:2 |       0 |      27 |   0.0 |       0 |      16 |   0.0 |   635
           D:3 |       0 |     505 |   0.0 |       0 |      11 |   0.0 |  1235
           D:4 |       0 |     128 |   0.0 |       0 |       5 |   0.0 |   421
               +---------+---------+-------+---------+---------+-------+---------
